 Dungeon Crawl Stone Soup version 0.21-a0-641-geef9d7f (webtiles) character file.

105 mopl the Firebug (level 4, 18/18 HPs)
             Began as a Felid Fire Elementalist on Dec 30, 2017.
             Quit the game on level 3 of the Dungeon.
             The game lasted 00:05:11 (3180 turns).

mopl the Firebug (Felid Fire Elementalist)          Turns: 3180, Time: 00:05:12

Health: 18/18      AC:  1    Str:  4    XL:     4   Next: 53%
Magic:  6/9        EV: 18    Int: 17    God:
Gold:   181        SH:  0    Dex: 17    Spells: 2/8 levels left
                                        Lives:  0   Deaths: 1

rFire    . . .     SeeInvis +   (weapon unavailable)
rCold    . . .     Gourm    .   (shield unavailable)
rNeg     . . .     Faith    .   (armour unavailable)
rPois    .         Spirit   .   (helmet unavailable)
rElec    .         Reflect  .   (cloak unavailable)
rCorr    .         Harm     .   (gloves unavailable)
MR       .....                  (boots unavailable)
Stlth    +++.......             (no amulet)
HPRegen  0.06/turn              (no ring)
MPRegen  0.11/turn              (no ring)

@: quick
A: very small, no armour, no weapons or thrown items, stealth, claws 1, fangs 3,
see invisible, carnivore, speed 1, shaggy fur 1, slow metabolism 1, sharp paws
a: no special abilities


You were on level 3 of the Dungeon.
You were completely stuffed.

You visited 1 branch of the dungeon, and saw 3 of its levels.

You collected 181 gold pieces.

Inventory:

Scrolls
 d - 2 scrolls of teleportation {unknown}
 g - a scroll of noise {unknown}
 h - a scroll of fear {unknown}
 k - 2 scrolls of random uselessness {unknown}
Potions
 e - a potion of brilliance
 i - a potion of curing
 j - a potion of flight
Books
 a - a book of Flames

   Spells                             Type                      Level
   a - Flame Tongue                   Conjuration/Fire             1
   b - Throw Flame                    Conjuration/Fire             2
   c - Conjure Flame                  Conjuration/Fire             3
   d - Inner Flame                    Hexes/Fire                   3
   e - Sticky Flame                   Conjuration/Fire             4
   f - Fireball                       Conjuration/Fire             5
Comestibles
 b - 10 rations
 c - a chunk of flesh


   Skills:
 - Level 2.6 Dodging
 - Level 2.6 Stealth
 + Level 2.9 Spellcasting
 * Level 3.1 Conjurations
 * Level 4.1 Fire Magic


You had 2 spell levels left.
You knew the following spells:

 Your Spells              Type           Power        Failure   Level  Hunger
a - Flame Tongue          Conj/Fire      ##...        3%          1    None
b - Throw Flame           Conj/Fire      ##....       6%          2    ##.....
c - Conjure Flame         Conj/Fire      ##......     12%         3    ###....


Dungeon Overview and Level Annotations

Branches:
Dungeon (3/15)

Altars:


Innate Abilities, Weirdness & Mutations

You cannot wear armour.
You are incapable of wielding weapons or throwing items.
Your paws allow you to move quietly. (Stealth)
You have sharp claws.
You have razor-sharp teeth.
You have supernaturally acute eyesight. (SInv)
You are carnivorous and can eat meat at any time.
You cover ground quickly.
You are covered in fur. (AC +1)
You have a slow metabolism.
Your sharp claws are effective at attacking unaware monsters.


Message History

Press: ? - help, Shift-Dir - straight line, f - orc
Aim: an orc, wielding a club and wearing a leather armour The flame tongue hits the orc.
You kill the orc!
You see here a jackal corpse.
You butcher the jackal corpse.
c - a chunk of flesh You see here a jackal skeleton.
You see here a tomahawk of returning.
You see here a jackal corpse.
You butcher the jackal corpse.
c - 4 chunks of flesh (gained 3)
You start resting.
Eating one of 4 chunks of flesh.
You eat one of the 4 chunks of flesh.
This raw flesh tastes great.
Eating one of 3 chunks of flesh.
You eat one of the 3 chunks of flesh.
This raw flesh tastes great.
Eating one of 2 chunks of flesh.
You eat one of the 2 chunks of flesh.
This raw flesh tastes great.
HP restored.
Are you sure you want to abandon this character and quit the game? (Confirm with "yes".)

....##.... ......................
...........#........%............
...........#.....#...............
..>.........<....#.........###...
.........#.#.....#...............
..................)..............
.....)...# #...................
##.#.....# ###.###÷..............
.........###....@(####...........
..................####...........
.....................##++##..(...
...#................##≈ ≈##.(.
)...#...(.......##.##≈≈ ≈≈##
....#.÷............#≈≈. .≈≈#
....#..............#≈.. #..≈#
....#..............#≈..#...≈#
...................#≈≈....≈≈#


There were no monsters in sight!

Vanquished Creatures
  A centaur (D:3)
  An iguana (D:2)
  2 adders
  5 orcs (D:3)
  6 bats
  3 giant cockroaches
  8 goblins
  2 hobgoblins
  17 jackals
  2 quokkas (D:2)
  2 ball pythons
  2 frilled lizards (D:1)
  5 kobolds (D:1)
  9 rats
65 creatures vanquished.

Notes
Turn   | Place    | Note
-------+----------+-------------------------------------------
     0 | D:1      | mopl the Felid Fire Elementalist began the quest for the Orb.
     0 | D:1      | Reached XP level 1. HP: 7/7 MP: 4/4
    25 | D:1      | Reached skill level 1 in Conjurations
   379 | D:1      | Reached XP level 2. HP: 10/11 MP: 0/6
   383 | D:1      | Learned a level 2 spell: Throw Flame
   450 | D:1      | Reached skill level 3 in Fire Magic
  1698 | D:1      | Reached XP level 3. HP: 12/14 MP: 1/7
  1707 | D:1      | Learned a level 3 spell: Conjure Flame
  1903 | D:2      | Reached skill level 2 in Conjurations
  2375 | D:2      | Reached XP level 4. HP: 18/18 MP: 6/8
  3098 | D:3      | Noticed a centaur
  3114 | D:3      | Killed a centaur
  3114 | D:3      | Reached skill level 3 in Conjurations
  3114 | D:3      | Reached skill level 4 in Fire Magic
  3114 | D:3      | Reached XP level 5. HP: 6/21 MP: 0/10
  3116 | D:3      | Slain by a jackal
  3117 | D:3      | Reached XP level 4. HP: 0/18 MP: 0/9
  3180 | D:3      | Quit the game

Vault maps used:
D:1:      minmay_arrival_jagged, serial_forest, infiniplex_forest_lined_1,
          infiniplex_forest_corner_1, infiniplex_forest_lined_2,
          infiniplex_forest_clump_long, infiniplex_forest_clump_tiny,
          infiniplex_forest_clump_small
D:3:      first_ration, kennysheep_generic_room_3

Skill      XL: |  1  2  3  4 |
---------------+-------------+-----
Conjurations   | 1 2 3 |  3.1
Fire Magic     | 3 4 |  4.1
Dodging        | |  2.6
Stealth        | |  2.6
Spellcasting   | |  2.9

Action                   |  1- 3 |  4- 6 || total
-------------------------+-------+-------++-------
Melee: Unarmed           |    34 |    26 ||    60
       Bite              |     4 |     6 ||    10
 Cast: Flame Tongue      |    54 |    43 ||    97
       Throw Flame       |     2 |     2 ||     4
  Use: Scroll            |     1 |     3 ||     4
       Potion            |       |     1 ||     1
 Stab: Sleeping          |     4 |     3 ||     7
  Eat: Chunk             |    11 |     7 ||    18
Armor: Skin              |     3 |     6 ||     9
Dodge: Dodged            |    53 |    69 ||   122

Table legend:
 A = Spawn XP
 B = Non-spawn XP
 C = Spawn XP percentage of total XP
 D = Spawn monster count
 E = Non-spawn monster count
 F = Spawn count percentage of total count
 G = Total turns spent on level
                    A         B        C        D         E        F      G
               +---------+---------+-------+---------+---------+-------+---------
         Total |       0 |     285 |   0.0 |       0 |      65 |   0.0 |  3180
               +---------+---------+-------+---------+---------+-------+---------
           D:1 |       0 |      44 |   0.0 |       0 |      26 |   0.0 |  1886
           D:2 |       0 |      71 |   0.0 |       0 |      15 |   0.0 |   859
           D:3 |       0 |     170 |   0.0 |       0 |      24 |   0.0 |   435
               +---------+---------+-------+---------+---------+-------+---------
